 Dungeon Crawl Stone Soup version 0.28-a0-1510-gd0f6b136d3 (webtiles) character file.

Game seed: 6920850187888238097

254 bumpfn the Chopper (level 6, 0/56 HPs)
             Began as a Hill Orc Berserker on Jan 14, 2022.
             Was a Follower of Trog.
             Slain by a ball python (2 damage)
             ... on level 4 of the Dungeon.
             The game lasted 00:07:20 (3777 turns).

bumpfn the Chopper (Hill Orc Berserker)             Turns: 3777, Time: 00:07:21

Health: 0/56       AC:  2    Str: 22    XL:     6   Next: 14%
Magic:  6/6        EV: 12    Int:  7    God:    Trog [*.....]
Gold:   112        SH:  0    Dex: 10    Spells: 5/5 levels left

rFire   . . .      SeeInvis .   a - +0 hand axe
rCold   . . .      Faith    .   (no shield)
rNeg    . . .      Spirit   .   b - +0 animal skin
rPois   .          Reflect  .   (no helmet)
rElec   .          Harm     .   (no cloak)
rCorr   .          Rampage  .   (no gloves)
Will    ++...                   (no boots)
Stlth   +.........              (no amulet)
HPRegen 1.18/turn               (no ring)
MPRegen 0.10/turn               (no ring)

@: strong-willed, on berserk cooldown, regenerating, slowed, very slow
A: no striking features
a: Renounce Religion, Berserk


You were on level 4 of the Dungeon.
You worshipped Trog.
Trog was aware of your devotion.
You visited 1 branch of the dungeon, and saw 4 of its levels.

You collected 112 gold pieces.

Inventory:

Hand Weapons
 a - a +0 hand axe (weapon)
Armour
 b - a +0 animal skin (worn)
Scrolls
 c - a scroll of enchant weapon {unknown}
 e - a scroll of blinking {unknown}
 f - 3 scrolls of magic mapping
 h - a scroll of vulnerability {unknown}
 i - a scroll of noise {unknown}
 j - 4 scrolls of identify {unknown}
 k - a scroll of silence {unknown}
Potions
 d - a potion of brilliance
 l - a potion of resistance {unknown}


   Skills:
 + Level 5.0 Fighting
 + Level 6.7 Axes
 + Level 2.3 Armour
 + Level 2.5 Dodging
 + Level 1.3 Stealth


You had 5 spell levels left.
You didn't know any spells.
Your spell library was empty.

Dungeon Overview and Level Annotations

Branches:
Dungeon (4/15)
 Temple: D:4-7

Altars:


Message History

A red film seems to cover your vision as you go berserk!
You feel yourself moving faster!
You feel mighty!
You feel a strong urge to attack something.
You climb downwards.
The ball python hisses angrily.
There is a stone staircase leading up here.
You hit the black bear.
The black bear is lightly wounded.
A ball python comes into view.
The ball python hisses angrily.
You slice the black bear!!
The black bear is severely wounded.
The black bear bites you!
* * * LOW HITPOINT WARNING * * *
The black bear claws you.
* * * LOW HITPOINT WARNING * * *
The black bear claws you.
* * * LOW HITPOINT WARNING * * *
You slash the black bear!
You kill the black bear!
Trog accepts your kill.
Your Fighting skill increases to level 5!
You have reached level 6!
You slash the adder! Your punch misses the adder.
The adder is severely wounded.
You are no longer berserk.
You are exhausted.
You feel yourself slow down. The adder bites you but does no damage.
You closely miss the adder.
The adder is severely wounded.
The adder bites you.
* * * LOW HITPOINT WARNING * * *
The adder barely misses you. The ball python bites you.
* * * LOW HITPOINT WARNING * * *
The ball python closely misses you.
Your skin crawls.
You feel strong-willed.
You can no longer call upon Trog for regeneration and willpower.
The adder barely misses you. x2; The ball python bites you.
You die...

.... ..# ...
...## . ...
....## .. #..
.....
...#..###...## .
.............#..
......SS........
...(..S@........
........<.......
........#.......
#.####.####.....
. ... .... ....
#.. ...... .
...... ....


You could see an adder and 2 ball pythons.

Vanquished Creatures
  A black bear (D:4)
  A centaur skeleton (D:3)
  An orc wizard (D:3)
  4 gnolls (D:3)
  2 adders
  A worm (D:2)
  4 orcs (D:3)
  4 endoplasms
  2 giant cockroaches
  2 goblins (D:1)
  5 hobgoblins
  4 kobolds
  2 quokkas
  6 ball pythons
  4 bats
  4 frilled lizards
  6 rats
53 creatures vanquished.

Notes
Turn   | Place    | Note
-------+----------+-------------------------------------------
     0 | D:1      | bumpfn the Hill Orc Berserker began the quest for the Orb.
     0 | D:1      | Reached XP level 1. HP: 19/19 MP: 1/1
   255 | D:1      | Reached XP level 2. HP: 20/27 MP: 2/2
   264 | D:1      | Found a faded altar of an unknown god.
  1547 | D:2      | Reached XP level 3. HP: 7/33 MP: 3/3
  2742 | D:3      | Reached skill level 5 in Axes
  2742 | D:3      | Reached XP level 4. HP: 39/41 MP: 4/4
  2964 | D:3      | Reached XP level 5. HP: 29/47 MP: 5/5
  3168 | D:3      | Reached skill level 1 in Stealth
  3739 | D:3      | Reached skill level 6 in Axes
  3740 | D:3      | Reached ** piety under Trog
  3765 | D:4      | Noticed a black bear
  3773 | D:4      | Killed a black bear
  3774 | D:4      | Reached skill level 5 in Fighting
  3774 | D:4      | Reached XP level 6. HP: 6/56 MP: 6/6
  3776 | D:4      | HP: 1/56 [ball python (2)]
  3777 | D:4      | Slain by a ball python

Illustrated notes

Levels and vault maps discovered:
D:1:      evilmike_arrival_hilbert_curve, layout_basic, basic_ecumenical_altar,
          minmay_misc_feat_roman
D:2:      layout_basic, minmay_unequal
D:3:      layout_loops_corners
D:4:      layout_cave_pools, amcnicky_altar_gilded, nicolae_ru_awakened_eye,
          uniq_robin

Skill      XL: |  1  2  3  4  5 |
---------------+----------------+-----
Fighting       | 4 5 |  5.0
Axes           | 5 6 |  6.7
Dodging        | 2 |  2.5
Stealth        | 1 |  1.3
Armour         | |  2.3

Action                   |  1- 3 |  4- 6 || total
-------------------------+-------+-------++-------
Melee: Hand axe          |   131 |    68 ||   199
       Punch             |     2 |     2 ||     4
Invok: Berserk           |       |     2 ||     2
       Trog's Hand       |       |     1 ||     1
  Use: Potion            |       |     3 ||     3
       Scroll            |       |     1 ||     1
 Stab: Sleeping          |     1 |       ||     1
Armor: Animal skin       |    34 |     7 ||    41
Dodge: Dodged            |   102 |    44 ||   146

Table legend: (Time is in decaauts)
 A = Elapsed time spent in this place.
 B = Non-inter-level travel time spent in this place.
 C = Inter-level travel time spent in this place.
 D = Time resting spent in this place.
 E = Time spent auto-exploring this place.
 F = Levels seen in this place.
 G = Mean time per level.
                   A        B        C        D        E       F      G
               +--------+--------+--------+--------+--------+-----+--------+
         Total |   3811 |   3692 |    119 |      0 |   2911 |   4 |  952.8 |
       Dungeon |   3811 |   3692 |    119 |      0 |   2911 |   4 |  952.8 |
               +--------+--------+--------+--------+--------+-----+--------+

Top non-repeatable levels by time:
     D:1: 1452 daAuts
     D:3: 1184 daAuts
     D:2: 1166 daAuts
     D:4: 7 daAuts
